 Dungeon Crawl Stone Soup version 0.29.1 (webtiles) character file.

Game seed: 6710503848584155746

1052 hquester1 the Shield-Bearer (level 8, 0/69 HPs)
             Began as a Minotaur Fighter on Sept 13, 2022.
             Slain by an orc wizard
             ... wielding a +2 dagger of distortion
              (1 damage)
             ... on level 4 of the Dungeon.
             The game lasted 00:16:47 (3237 turns).

hquester1 the Shield-Bearer (Minotaur Fighter)      Turns: 3237, Time: 00:16:47

Health: 0/69       AC: 11    Str: 23    XL:     8   Next: 5%
Magic:  7/7        EV:  8    Int:  5    God:
Gold:   235        SH:  5    Dex: 10    Spells: 7/7 levels left

rFire   . . .      SeeInvis .   a - +2 war axe
rCold   . . .      Faith    .   c - +0 buckler
rNeg    . . .      Spirit   .   q - +0 chain mail
rPois   .          Reflect  .   (helmet restricted)
rElec   .          Harm     .   s - +0 cloak
rCorr   .          Rampage  .   (no gloves)
Will    .....                   (no boots)
Stlth   ..........              l - amulet of regeneration
HPRegen 1.01/turn               (no ring)
MPRegen 0.10/turn               (no ring)

@: no status effects
A: horns 2, retaliatory headbutt
a: no special abilities


You were on level 4 of the Dungeon.
You visited 2 branches of the dungeon, and saw 6 of its levels.

You collected 235 gold pieces.

Inventory:

Hand Weapons
 a - a +2 war axe (weapon)
 o - a +3 mace
 t - a +2 mace of venom
 u - a +1 flail of holy wrath
Armour
 c - a +0 buckler (worn)
 q - a +0 chain mail (worn)
 s - a +0 cloak (worn)
Jewellery
 l - an amulet of regeneration (around neck)
Wands
 b - a wand of iceblast (5)
Scrolls
 f - 2 scrolls of teleportation
 k - 2 scrolls of enchant weapon
Potions
 e - a potion of magic {unknown}
 i - 2 potions of curing
 j - 2 potions of brilliance
 n - 2 potions of heal wounds {unknown}
 p - 2 potions of lignification


   Skills:
 + Level 5.6 Fighting
 + Level 4.8(5.3) Axes
 + Level 3.4(4.6) Maces & Flails
 + Level 5.6 Armour
 + Level 3.6 Dodging
 + Level 3.0 Stealth
 + Level 5.7 Shields


You had 7 spell levels left.
You didn't know any spells.
Your spell library contained the following spells:

 Spells                   Type           Power      Damage    Failure   Level
 Slow                     Hex            0%         N/A       99%         1
 Confusing Touch          Hex            0%         N/A       100%        3
 Tukima's Dance           Hex            0%         N/A       100%        3
 Passage of Golubria      Tloc           0%         N/A       100%        4
 Freezing Cloud           Conj/Ice/Air   0%         6-21      100%        5
 Yara's Violent Unravell  Hex/Tmut       0%         3d3       100%        5
 Simulacrum               Ice/Necr       0%         N/A       100%        6
 Polar Vortex             Ice            0%         N/A       100%        9


Dungeon Overview and Level Annotations

Branches:
Dungeon (5/15)             Temple (1/1) D:4

Altars:
Cheibriados
Dithmenos
Gozag
Hepliaklqana
Kikubaaqudgha
Nemelex Xobeh
Qazlal
Sif Muna
Trog
Uskayaw
Wu Jian
Xom
Yredelemnul
Zin
The Shining One


Innate Abilities, Weirdness & Mutations

You have a pair of horns on your head.
You reflexively headbutt those who attack you in melee.


Message History

You closely miss the orc wizard. The adder barely misses you.
You furiously retaliate!
You headbutt the adder, but do no damage.
The orc wizard hits you but does no damage.
Space warps horribly around you! The adder barely misses you.
You furiously retaliate!
You headbutt the adder, but do no damage.
You barely miss the orc wizard.
The orc wizard is severely wounded.
You slash the adder!
You kill the adder!
The orc wizard hits you but does no damage.
You blink.
Unknown command.
You block the orc wizard's attack.
You hit the orc wizard but do no damage.
You headbutt the orc wizard.
The orc wizard is almost dead.
The orc wizard hits you but does no damage.
You blink.
The orc wizard gestures at you while chanting.
The puff of flame hits you but does no damage.
The orc wizard mumbles some strange words.
The orc wizard flickers and vanishes!
Deactivating autopickup; reactivate with Ctrl-A.
Something hits you but does no damage. Space warps around you.
Something hits you but does no damage. Space warps horribly around you!
* * * LOW HITPOINT WARNING * * *
Things that are here:
a +0 club; a potion of lignification Something hits you but does no damage.
Space warps horribly around you!
* * * LOW HITPOINT WARNING * * *
You hear some strange, mumbled words.
A magic dart appears from out of thin air!
The magic dart hits you but does no damage.
You barely miss something. Something hits you but does no damage.
Space warps around you.
* * * LOW HITPOINT WARNING * * *
Something hits you.
You die...

#......................
#......................
##.....................
#.....................
#.....................
#####.....................
#.........................
#................. ......
#........@........ .
#.......{.........
#........)........
#........).)......
#..........)))......
#...................
#...................
#...................
#...................


There were no monsters in sight!

Vanquished Creatures
  Eustachio (D:4)
  Duvessa (D:4)
  A black bear (D:4)
  Dowan (D:4)
  3 jellies
  6 orc priests
  Ijyb (D:4)
  4 orc wizards
  4 gnolls
  9 adders
  A white imp (D:5)
  A worm (D:2)
  A dart slug (D:2)
  29 orcs
  4 bats
  5 endoplasms
  9 giant cockroaches
  8 goblins
  2 hobgoblins (D:3)
  4 jackals
  4 quokkas
  7 ball pythons
  4 frilled lizards
  4 kobolds
  6 rats
120 creatures vanquished.

Vanquished Creatures (others)
  An orc (D:3)
  6 plants (D:2)
7 creatures vanquished.

Grand Total: 127 creatures vanquished

Notes
Turn   | Place    | Note
-------+----------+-------------------------------------------
     0 | D:1      | hquester1 the Minotaur Fighter began the quest for the Orb.
     0 | D:1      | Reached XP level 1. HP: 19/19 MP: 0/0
   123 | D:1      | Reached XP level 2. HP: 18/27 MP: 1/1
   285 | D:1      | Reached skill level 1 in Dodging
   572 | D:2      | Reached XP level 3. HP: 33/33 MP: 2/2
   573 | D:2      | Found a faded altar of an unknown god.
   875 | D:2      | Reached skill level 1 in Stealth
   960 | D:2      | Reached XP level 4. HP: 39/40 MP: 3/3
  1752 | D:3      | Reached XP level 5. HP: 41/46 MP: 4/4
  2240 | D:3      | Reached skill level 1 in Maces & Flails
  2318 | D:3      | Reached XP level 6. HP: 47/53 MP: 5/5
  2589 | D:4      | Got the Folio of Glamour
  2728 | D:4      | Found a staircase to the Ecumenical Temple.
  2732 | D:4      | Noticed Eustachio
  2737 | Temple   | Entered the Ecumenical Temple
  2817 | D:4      | You fall into a shaft and drop 1 floor!
  2817 | D:5      | Entered Level 5 of the Dungeon
  2838 | D:5      | Reached skill level 5 in Armour
  2847 | D:5      | Reached skill level 5 in Fighting
  2856 | D:5      | Reached skill level 5 in Shields
  2856 | D:5      | Reached XP level 7. HP: 55/61 MP: 6/6
  2985 | D:4      | Noticed Ijyb
  3001 | D:4      | Killed Ijyb
  3025 | D:4      | Noticed Dowan
  3025 | D:4      | Noticed Duvessa
  3057 | D:4      | Killed Duvessa
  3072 | D:4      | Killed Dowan
  3153 | D:4      | Killed Eustachio
  3154 | D:4      | Reached XP level 8. HP: 64/69 MP: 7/7
  3235 | D:4      | HP: 3/69 [something (17)]
  3237 | D:4      | HP: 1/69 [something (4)]
  3237 | D:4      | Slain by an orc wizard

Illustrated notes

Levels and vault maps discovered:
D:1:      dpeg_arrival_simpleton_b, layout_rooms
D:2:      layout_basic, dreamdust_ecumenical_altar_angels_and_demons,
          kennysheep_boxes
D:3:      layout_basic, kennysheep_orc_chapel
D:4:      layout_basic, minmay_temple_entry_statues, uniq_eustachio,
          uniq_duvessa, uniq_ijyb
D:5:      layout_cave_pools, tgw_fedhas, cheibrodos_ashenzari_chains,
          vehumet_altar_wand_db, bloody_makhleb, hangedman_decor_diamond_cutter
Temple:   hellmonk_temple_of_storms

Skill      XL: |  1  2  3  4  5  6  7 |
---------------+----------------------+-----
Dodging        | 1 2 3 |  3.6
Armour         | 4 5 |  5.6
Fighting       | 4 5 |  5.6
Stealth        | 1 2 3 |  3.0
Shields        | 4 5 |  5.7
Axes           | 3 4 |  4.8
Maces & Flails | 1 2 3 |  3.4

Action                   |  1- 3 |  4- 6 |  7- 9 || total
-------------------------+-------+-------+-------++-------
Melee: War axe           |    79 |    49 |    13 ||   141
       Headbutt          |     6 |    12 |     7 ||    25
       Mace              |       |    85 |    48 ||   133
       Hand axe          |       |    11 |       ||    11
  Use: Potion            |       |       |     1 ||     1
       Scroll            |       |       |     8 ||     8
Armor: Scale mail        |    42 |    28 |       ||    70
       Chain mail        |       |    43 |    59 ||   102
Dodge: Dodged            |    43 |    57 |    45 ||   145
Block: Buckler           |    20 |    17 |    27 ||    64
